 Dungeon Crawl Stone Soup version 0.31.0-12-g77e489cdc1 (webtiles) character file.

Game seed: 239865284267664392

9 sking99 the Ruffian (level 2, 21/21 HPs)
             Began as a Demonspawn Shapeshifter on Feb 26, 2024.
             Quit the game on level 1 of the Dungeon.
             The game lasted 00:00:41 (390 turns).

sking99 the Ruffian (Demonspawn Shapeshifter)        Turns: 390, Time: 00:00:42

Health: 21/21      AC:  2    Str: 14    XL:     2   Next: 6%
Magic:  2/2        EV: 12    Int: 10    God:
Gold:   14         SH:  0    Dex: 12    Spells: 1/1 levels left

rFire   . .          .
                       - Unarmed
rCold   . . .        (no shield)
rNeg    . . .        a - +0 animal skin
rPois   .            (helmet currently unavailable)
rElec   .            (cloak currently unavailable)
rCorr   .            (gloves currently unavailable)
SInv    .            (boots currently unavailable)
Will    .....        (no amulet)
Stlth   +            (no ring)
HPRegen 0.23/turn    (no ring)
MPRegen 0.08/turn

%: no passive effects
@: beast-form
A: beast (slay +1), demonic magic 1
a: Begin Untransformation


You were on level 1 of the Dungeon.
You were a hulking beast.
You visited 1 branch of the dungeon, and saw 1 of its levels.

You collected 14 gold pieces.

Inventory:

Armour
 a - a +0 animal skin (worn)
Jewellery
 f - a ring of wizardry
Talismans
 c - a beast talisman (active)
 d - a flux talisman
Scrolls
 e - a scroll of vulnerability {unknown}
Potions
 b - a potion of lignification


   Skills:
 + Level 1.3 Fighting
 - Level 1.7 Dodging
 * Level 3.0 Unarmed Combat
 + Level 2.8 Shapeshifting


You had one spell level left.
You didn't know any spells.
Your spell library was empty.

Dungeon Overview and Level Annotations

Branches:
Dungeon (1/15)

Altars:


Innate Abilities, Weirdness & Mutations

You are a hulking beast.
Your limbs bulge with bestial killing power. (Slay +1)
Spells you cast may paralyse adjacent enemies.


Message History

Found 5 stones.
You open the door.
There is an open door here.
f - a ring of wizardry You open the door.
There is an open door here.
There is an open door here.
A hobgoblin comes into view.
Found a stone staircase leading down.
The hobgoblin shouts!
A hobgoblin is nearby!
Unknown command.
You hit the hobgoblin.
The hobgoblin is moderately wounded.
The hobgoblin hits you but does no damage.
You hit the hobgoblin.
You kill the hobgoblin!
You have reached level 2!
Your demonic ancestry asserts itself...
A menacing aura infuses your magic.
There is a stone staircase leading down here.
Found a ring mail.
You now have 14 gold pieces.
A bat comes into view.
The bat closely misses you.
You barely miss the bat. The bat misses you.
You miss the bat. The bat completely misses you.
The bat hits you but does no damage. The bat barely misses you.
You hit the bat.
You kill the bat!
No target in view!
You are a hulking beast.
Your movement speed is average.
Your attack delay is about 0.9.
Your damage rating with unarmed combat is about 7 (Base [3 + 3 (UC)] x 110% (Str) x 102% (Fight) + 1 (Slay)).
Char dumped successfully.
You are already empty-handed.
You are a hulking beast.
Your movement speed is average.
Your attack delay is about 0.9.
Your damage rating with unarmed combat is about 7 (Base [3 + 3 (UC)] x 110% (Str) x 102% (Fight) + 1 (Slay)).
Are you sure you want to abandon this character and quit the game? (Confirm with "yes".)

####.#.#.#...#######. #.#.##.....
##...#...#........... #..'.....
##.###.#####################.....
......†.)........................
##.###.#.###################...#.
...............#.. #...#.
##....†#.#.###.#.####### #...#.
#.............†.......# #...#.
#......#..#.#..h......# #####.
#.#.#..#..#.#.#...##..# #.
#.#.#..#..#.# #.####..# #.
#.#.#..#..#.###.#...[.# #.
#.#.#.....#.#.....# #.
#.#.#.##..#.##..#.....#
#.#.#...........#.....#
#.#####.#.#.#.#.##..#
........>.........#


There were no monsters in sight!

Vanquished Creatures
  A dart slug (D:1)
  An endoplasm (D:1)
  A goblin (D:1)
  A hobgoblin (D:1)
  A kobold (D:1)
  2 bats (D:1)
7 creatures vanquished.

Notes
Turn   | Place    | Note
-------+----------+-------------------------------------------
     0 | D:1      | sking99 the Demonspawn Shapeshifter began the quest for the
                  | Orb.
     0 | D:1      | Reached XP level 1. HP: 15/15 MP: 1/1
   175 | D:1      | Reached skill level 3 in Unarmed Combat
   365 | D:1      | Gained mutation: Spells you cast may paralyse adjacent
                  | enemies. [demonic ancestry]
   365 | D:1      | Reached XP level 2. HP: 21/21 MP: 2/2
   390 | D:1      | Quit the game

Illustrated notes

Levels and vault maps discovered:
D:1:      dpeg_arrival_simpleton_c, layout_basic

Skill      XL: |  1 |
---------------+----+-----
Unarmed Combat | 3 |  3.0
Fighting       | |  1.3
Dodging        | |  1.7
Shapeshifting  | |  2.8

Action                     || total
---------------------------++-------
  Melee: Unarmed           ||    18
 Armour: Animal skin       ||     9
  Dodge: Dodged            ||     9
   Form: Beast             ||     1
